Map: [ESL] Inside and Out

Players

Maru

  • Race: Terran Terran
  • Spawn Location: 1:00

Reynor - Winner!

  • Race: Zerg Zerg
  • Spawn Location: 7:00

Event: DreamHack SC2 Masters 2022 Valencia

VOD

https://youtu.be/Y0K2uZOZL7U

Description

Time

  • Played on: July 3, 2022, 9:01 a.m.
  • Length: 18:12

All games in this series

Show
View Real Time Build Order
Export as new Build Order

Maru Terran 

Build Orders:  

Get SALT Encoding   

  12  0:00  SCV  
  13  0:12  SCV  
  14  0:17  Supply Depot  
  14  0:25  SCV  
  15  0:38  SCV  
  15  0:39  Barracks  
  15  0:42  Refinery  
  16  0:50  SCV  
  17  1:03  SCV  
  18  1:15  SCV  
  19  1:27  Orbital Command  
  19  1:29  Barracks Reactor  
  19  1:38  Command Center  
  19  1:51  Supply Depot  
  19  1:52  SCV  
  20  2:04  SCV  
  20  2:06  Factory  
  20  2:07  Marine  
  22  2:08  Marine  
  23  2:16  SCV  
  24  2:23  Refinery  
  24  2:25  Marine  
  24  2:26  Marine  
  24  2:28  SCV  
  27  2:40  SCV  
  28  2:51  Orbital Command, Starport  
  28  2:52  SCV  
  28  2:58  Hellion x2  
  33  3:01  Marine  
  35  3:05  SCV  
  35  3:13  Supply Depot  
  35  3:18  SCV x2  
  39  3:20  Widow Mine  
  39  3:24  Widow Mine  
  41  3:30  SCV x2  
  43  3:34  Medivac  
  45  3:41  Armory  
  45  3:42  SCV x2  
  45  3:47  Supply Depot  
  45  3:48  Widow Mine  
  49  3:49  Widow Mine  
  49  3:54  SCV x2  
  53  4:06  SCV  
  53  4:09  SCV, Liberator  
  58  4:11  Supply Depot  
  58  4:13  Hellion  
  58  4:15  Hellion  
  62  4:22  Supply Depot  
  62  4:24  Barracks Tech Lab  
  62  4:32  SCV x2  
  62  4:34  Hellion  
  62  4:36  Hellion  
  66  4:44  SCV x2  
  68  4:51  Marine, Stimpack  
  67  4:57  SCV x2  
  69  5:01  Command Center  
  67  5:09  SCV x2  
  69  5:14  Barracks  
  69  5:19  Barracks  
  69  5:21  SCV x2, Factory Reactor  
  71  5:24  Engineering Bay x2  
  71  5:26  Hellion x5  
  69  5:33  SCV x2  
  69  5:35  Starport Reactor  
  69  5:38  Barracks  
  69  5:40  Barracks  
  69  5:42  Refinery  
  66  5:43  Marine  
  66  5:45  SCV x2  
  69  5:53  Terran Infantry Armor Level 1, Terran Infantry Weapons Level 1  
  69  5:57  SCV x2  
  69  6:01  Supply Depot  
  69  6:02  Marine x2  
  73  6:07  Factory Tech Lab  
  73  6:09  SCV x2  
  75  6:13  Orbital Command  
  75  6:16  Refinery, Medivac  
  75  6:17  Marine x3, Medivac  
  82  6:20  Marine x2  
  82  6:21  SCV x2  
  86  6:27  Siege Tank  
  86  6:28  Marine x2  
  91  6:33  Orbital Command, SCV x2, Supply Depot  
  91  6:34  Marine, Combat Shield  
  91  6:35  Marine  
  95  6:45  SCV x2  
  95  6:46  Marine x4  
  97  6:47  Marine  
  97  6:53  Supply Depot  
  98  6:58  SCV x2, Marine  
  98  6:59  Siege Tank  
  98  7:00  Medivac  
  106  7:02  Marine  
  106  7:04  SCV, Marine  
  109  7:09  Supply Depot  
  109  7:11  SCV  
  109  7:12  SCV  
  109  7:13  Barracks Reactor x2  
  111  7:16  SCV  
  111  7:20  Marine x2  
  111  7:21  Medivac  
  113  7:24  SCV x2  
  113  7:25  Supply Depot  
  113  7:26  Supply Depot  
  113  7:28  SCV  
  116  7:32  Marine x2  
  116  7:36  SCV x2  
  120  7:39  Marine x2  
  120  7:40  SCV, Medivac  
  125  7:48  SCV x2  
  125  7:49  Supply Depot  
  125  7:50  Medivac  
  129  7:52  SCV, Supply Depot  
  129  7:53  Supply Depot, Marine x2  
  129  7:54  Marine  
  129  7:55  Terran Infantry Weapons Level 2  
  133  8:00  SCV x2  
  133  8:04  SCV  
  136  8:06  Marine x2  
  136  8:07  Marine x2  
  136  8:08  Siege Tank  
  136  8:11  Refinery  
  136  8:12  SCV x2  
  145  8:16  SCV  
  145  8:17  Marine x4  
  145  8:18  Marine  
  149  8:24  Marine  
  149  8:25  Marine x2  
  138  8:32  Marine  
  138  8:33  SCV x2  
  122  8:35  Marine  
  122  8:38  SCV  
  123  8:45  Marine, Factory Tech Lab, Medivac x2  
  123  8:46  Terran Infantry Armor Level 2  
  123  8:48  Marine x6  
  127  8:49  Marine  
  127  8:53  Marine  
  127  8:54  SCV  
  127  8:55  Supply Depot  
  129  9:03  Marine  
  129  9:06  Marine x6  
  129  9:07  Siege Tank, Marine  
  136  9:10  Command Center  
  136  9:15  Medivac  
  136  9:16  Marine, Terran Vehicle Weapons Level 1  
  139  9:18  Factory  
  139  9:21  Marine  
  139  9:24  Marine x2  
  140  9:25  Supply Depot  
  142  9:31  Marine x2  
  142  9:32  Marine x2  
  142  9:33  Medivac  
  148  9:43  Marine x5  
  148  9:45  Medivac  
  135  9:46  Missile Turret  
  135  9:48  Missile Turret x2  
  135  9:49  Marine x3  
  135  9:50  Marine  
  138  9:59  Siege Tank  
  138  10:01  Marine x4  
  138  10:05  Marine  
  138  10:07  SCV, Marine x3  
  138  10:08  SCV, Marine  
  143  10:16  Terran Infantry Weapons Level 3  
  143  10:19  Marine x2  
  143  10:20  Marine x2  
  144  10:23  Marine  
  144  10:25  Marine x4  
  148  10:31  SCV x2  
  148  10:33  Factory Reactor  
  148  10:35  SCV  
  151  10:46  Thor  
  151  10:49  SCV  
  153  10:51  SCV x2  
  153  10:56  Missile Turret  
  155  10:57  Sensor Tower  
  155  10:59  Drilling Claws  
  155  11:03  SCV  
  156  11:04  Terran Infantry Armor Level 3  
  156  11:07  Planetary Fortress  
  156  11:08  Missile Turret  
  151  11:18  Marine x3  
  151  11:19  Marine x4, Marauder  
  151  11:20  Widow Mine x2  
  164  11:27  Barracks x2  
  164  11:29  Thor  
  164  11:32  Sensor Tower  
  170  11:36  Terran Vehicle And Ship Armor Level 1  
  170  11:38  Barracks  
  170  11:46  Marine x4, Marauder  
  176  11:47  Concussive Shells  
  176  11:55  Refinery x2  
  176  11:56  Missile Turret  
  176  11:57  Missile Turret  
  176  11:59  Missile Turret  
  176  12:14  Thor, Widow Mine  
  176  12:15  Widow Mine  
  186  12:16  Barracks Tech Lab  
  186  12:17  Barracks Tech Lab  
  186  12:25  Medivac x2  
  190  12:36  Marauder x3, Widow Mine x2  
  200  12:37  Barracks Tech Lab  
  200  12:39  Ghost Academy  
  200  12:41  Command Center  
  200  12:42  Supply Depot  
  200  12:45  Refinery  
  196  13:30  Terran Vehicle Weapons Level 2  
  196  13:31  Ghost x4  
  196  13:36  SCV x2  
  196  13:37  SCV  
  197  13:44  Missile Turret  
  197  13:48  Missile Turret  
  197  13:56  Personal Cloaking  
  197  13:59  Ghost, Neosteel Armor  
  199  14:14  Command Center  
  199  14:15  Command Center  
  195  14:19  Armory  
  195  14:22  Ghost x2  
  197  14:37  Siege Tank  
  200  14:47  Factory  
  200  14:53  Ghost x4  
  147  15:09  SCV x2  
  147  15:13  SCV x2  
  148  15:21  Ghost x3, SCV  
  148  15:22  Ghost  
  156  15:35  Orbital Command x2  
  154  15:37  Marine x2  
  154  15:38  Marine x6, Hellbat  
  154  15:39  Hellbat  
  166  15:44  Orbital Command, Planetary Fortress  
  166  15:49  Missile Turret  
  165  15:50  Ghost x2  
  165  15:51  Marauder x2  
  165  15:55  Factory Tech Lab  
  153  16:03  Marine  
  153  16:09  SCV x5  
  153  16:10  SCV  
  154  16:12  Marauder x2  
  154  16:16  Hellbat x2  
  154  16:17  Hellbat  
  167  16:21  SCV x3, Hellbat  
  167  16:22  SCV x2, Sensor Tower  
  171  16:28  SCV  
  171  16:32  Orbital Command  
  172  16:33  Refinery, SCV  
  172  16:38  Hellbat  
  139  16:49  Siege Tank, Hellbat x2  
  138  17:05  Liberator  
  140  17:11  Hellbat  
  140  17:14  Factory Tech Lab  
  142  17:21  Siege Tank, Hellbat  
  147  17:23  Marine, Marauder x2  
  147  17:24  Marine x2, Marauder x2  
  147  17:29  Supply Depot  
  137  17:43  Marine x2  
  115  17:45  Marauder x4  
  115  17:50  Marine x3  
  115  17:51  Marine  
Show
View Real Time Build Order
Export as new Build Order

Reynor Zerg - Winner!

Build Orders: Hatch First 

Get SALT Encoding   

  12  0:00  Drone  
  13  0:12  Overlord  
  13  0:16  Drone  
  14  0:30  Drone x2  
  16  0:48  Hatchery  
  15  0:50  Drone  
  15  0:54  Drone  
  17  0:57  Drone  
  18  1:08  Extractor  
  17  1:13  Spawning Pool  
  17  1:15  Drone  
  17  1:19  Drone  
  18  1:27  Drone  
  19  1:39  Drone  
  20  1:50  Overlord  
  20  1:59  Queen x2  
  20  2:00  Zergling x4  
  26  2:10  Drone  
  26  2:12  Drone  
  28  2:21  Drone  
  28  2:22  Drone  
  30  2:24  Metabolic Boost  
  30  2:32  Hatchery  
  30  2:34  Drone  
  30  2:37  Drone  
  30  2:43  Drone  
  32  2:46  Overlord  
  32  2:49  Queen  
  34  2:54  Drone  
  34  2:55  Drone  
  36  3:05  Drone x2, Queen  
  38  3:06  Drone  
  38  3:10  Overlord  
  38  3:12  Drone  
  42  3:17  Drone x2  
  44  3:26  Overlord  
  43  3:28  Queen  
  43  3:30  Drone  
  45  3:38  Overlord  
  45  3:45  Zergling x10  
  45  3:47  Drone  
  51  3:50  Drone  
  51  3:51  Queen  
  51  3:54  Overlord  
  54  3:59  Drone  
  54  4:01  Drone  
  56  4:04  Spore Crawler  
  56  4:05  Baneling Nest, Drone  
  56  4:09  Drone  
  56  4:12  Spore Crawler, Queen  
  56  4:13  Drone x2  
  56  4:15  Drone  
  60  4:17  Drone  
  60  4:21  Queen  
  63  4:25  Spore Crawler  
  63  4:26  Drone  
  63  4:31  Overlord  
  63  4:32  Drone x2  
  63  4:36  Drone x3  
  67  4:40  Zergling x4  
  67  4:41  Overlord  
  67  4:44  Drone  
  70  4:45  Drone  
  70  4:47  Drone  
  70  4:52  Drone x2  
  71  4:58  Drone x2  
  72  5:01  Drone x2  
  74  5:08  Drone x2  
  74  5:10  Baneling x4  
  74  5:12  Drone x2  
  78  5:14  Overlord  
  78  5:20  Drone  
  78  5:22  Drone  
  78  5:26  Extractor, Drone  
  78  5:27  Overlord, Extractor x2  
  77  5:28  Drone x2  
  77  5:30  Baneling x2  
  78  5:37  Overlord  
  78  5:38  Drone x5  
  78  5:40  Overlord  
  83  5:43  Drone x2  
  83  5:45  Queen  
  83  5:46  Overlord  
  87  5:50  Drone  
  87  5:51  Drone  
  89  5:57  Extractor  
  89  5:59  Lair  
  89  6:00  Drone  
  89  6:01  Drone  
  90  6:04  Overlord  
  90  6:05  Drone  
  90  6:06  Drone  
  90  6:09  Overlord  
  90  6:10  Zergling x2, Hatchery  
  92  6:12  Drone  
  92  6:15  Drone x2  
  92  6:17  Evolution Chamber x2, Drone  
  92  6:18  Extractor  
  93  6:21  Zergling x2  
  93  6:23  Overlord  
  94  6:27  Drone x6  
  94  6:31  Zergling x4  
  102  6:33  Zergling x2  
  102  6:37  Overlord  
  102  6:39  Baneling x2  
  103  6:42  Zergling x2  
  103  6:46  Zergling x6  
  104  6:49  Drone, Zerg Melee Weapons Level 1, Zerg Ground Armor Level 1  
  104  6:51  Baneling x5  
  105  6:54  Drone x3  
  105  6:58  Zergling x4  
  105  6:59  Zergling x6  
  113  7:04  Centrifugal Hooks, Zergling x2  
  113  7:07  Spire  
  113  7:11  Baneling x5  
  113  7:12  Zergling x4  
  113  7:14  Zergling x2  
  116  7:17  Overlord  
  116  7:18  Zergling x4  
  116  7:19  Zergling x2  
  116  7:20  Zergling x2  
  120  7:26  Zergling x8  
  120  7:27  Zergling x8  
  128  7:31  Overlord  
  128  7:37  Drone  
  128  7:38  Drone x2  
  131  7:47  Drone x6  
  131  7:50  Extractor  
  131  7:51  Drone x4, Extractor  
  139  7:57  Zergling x10  
  144  8:03  Zergling x6  
  144  8:04  Zergling x4  
  149  8:12  Zergling x4  
  147  8:17  Baneling x10  
  147  8:18  Hatchery  
  147  8:19  Zergling x10  
  143  8:21  Zergling x2  
  143  8:24  Zergling x2  
  137  8:31  Zergling x2  
  137  8:32  Zergling x2  
  119  8:36  Zergling x2  
  116  8:45  Zerg Ground Armor Level 2, Zergling x2  
  116  8:46  Zergling x8, Zerg Melee Weapons Level 2  
  116  8:48  Baneling x9  
  119  8:52  Zergling x4  
  121  8:58  Zergling x2  
  117  9:07  Mutalisk x3  
  117  9:08  Hatchery  
  121  9:15  Mutalisk x7  
  135  9:18  Baneling x10  
  135  9:23  Zergling x10  
  140  9:25  Zergling x2  
  140  9:28  Zergling x2  
  139  9:32  Queen, Zergling x4  
  139  9:36  Zergling x2  
  143  9:41  Zergling x4  
  143  9:44  Zergling x10  
  139  9:47  Mutalisk x2  
  139  9:48  Mutalisk x3  
  139  9:52  Drone x2  
  151  9:53  Drone  
  152  10:02  Baneling x8  
  152  10:03  Baneling  
  152  10:05  Zergling x8  
  152  10:06  Baneling x2  
  153  10:11  Zergling x6  
  155  10:14  Zergling x6  
  155  10:15  Zergling x6  
  157  10:23  Mutalisk x3  
  155  10:29  Mutalisk  
  155  10:30  Hatchery  
  155  10:31  Zergling x6  
  155  10:32  Zergling x2  
  160  10:37  Mutalisk, Overlord  
  160  10:39  Zergling x2  
  163  10:49  Mutalisk x2  
  167  10:50  Overlord  
  167  10:54  Zerg Flyer Weapons Level 1  
  166  10:58  Drone x2  
  166  10:59  Zergling x18  
  171  11:14  Infestation Pit  
  171  11:15  Mutalisk x2  
  171  11:18  Drone x7  
  172  11:19  Queen  
  172  11:21  Extractor  
  172  11:24  Drone x7  
  181  11:30  Mutalisk  
  181  11:31  Overlord x2  
  183  11:37  Spore Crawler, Mutalisk  
  184  11:40  Overlord  
  184  11:44  Mutalisk  
  184  11:45  Mutalisk x2  
  190  11:54  Burrow  
  190  11:55  Hive  
  190  11:56  Zergling x20  
  199  12:04  Baneling x10  
  199  12:11  Extractor  
  198  12:17  Zergling x4  
  198  12:18  Hatchery  
  200  12:37  Extractor, Drone  
  199  12:48  Baneling x15  
  199  12:50  Zerg Flyer Weapons Level 2  
  199  12:59  Pneumatized Carapace  
  199  13:01  Overseer x2  
  199  13:03  Baneling  
  199  13:04  Baneling x11  
  199  13:06  Adrenal Glands  
  186  13:14  Zergling x18  
  186  13:15  Zergling x8  
  197  13:23  Zergling x4  
  195  13:30  Zerg Ground Armor Level 3, Zerg Melee Weapons Level 3  
  194  13:35  Zergling x10  
  199  13:53  Ultralisk Cavern  
  196  14:17  Zergling x2  
  196  14:18  Zergling x4  
  197  14:31  Baneling x13  
  199  14:38  Drone x2  
  199  14:42  Chitinous Plating  
  199  14:46  Overseer x2  
  175  15:02  Zergling x46  
  175  15:04  Zergling x38  
  175  15:05  Zergling x12  
  199  15:11  Overlord  
  199  15:14  Zergling x14  
  199  15:16  Zerg Flyer Weapons Level 3  
  185  15:22  Zergling x30  
  185  15:23  Zergling x2  
  185  15:27  Baneling x13  
  193  15:29  Ultralisk  
  193  15:33  Baneling x7  
  193  15:34  Baneling x4  
  193  15:40  Zergling x2  
  193  15:41  Zergling x10  
  193  15:42  Baneling x3  
  197  15:43  Baneling x7  
  195  15:55  Zergling x12  
  181  16:06  Ultralisk x2  
  181  16:07  Ultralisk, Zergling x10  
  196  16:11  Baneling x13  
  196  16:12  Baneling x21  
  196  16:13  Overlord  
  196  16:17  Overseer  
  195  16:26  Overseer x3  
  195  16:32  Zergling x22  
  200  16:36  Hatchery  
  200  16:39  Baneling x8  
  183  16:46  Zergling x2  
  183  16:47  Zergling x40  
  182  16:51  Ultralisk, Zergling x2  
  182  16:52  Zergling x10  
  193  17:03  Zergling x4  
  193  17:04  Zergling x6  
  193  17:06  Baneling x13  
  193  17:07  Baneling x10  
  198  17:09  Baneling x3  
  198  17:10  Baneling x15  
  198  17:13  Baneling x7  
  198  17:14  Baneling x10  
  198  17:15  Baneling x5  
  198  17:16  Zergling x2  
  193  17:33  Zergling x44  
  196  17:44  Baneling x7  
  178  17:47  Zergling x30  
  177  17:52  Zergling x4  

Tags
 
Add a new tag
Caveats
  • Supply blocks, unpowered buildings, or Contaminate may cause inaccurate times.
  • Supply counts are checked every 10 seconds.